 Dungeon Crawl Stone Soup version 0.24.1-1-gd1d2a07e1b (webtiles) character file.

Game seed: 7172511141021336682, levelgen mode: deterministic

363850 multalsul the Warrior (level 22, -4/186 HPs)
             Began as a Merfolk Gladiator on Apr 5, 2020.
             Was the Champion of Fedhas.
             Shot with a bolt by a yaktaur captain (25 damage)
             ... on level 5 of the Vaults on Apr 7, 2020.
             The game lasted 03:39:07 (67644 turns).

multalsul the Warrior (Merfolk Gladiator)          Turns: 67644, Time: 03:39:08

Health: -4/186     AC: 42    Str: 29    XL:     22   Next: 50%
Magic:  40/40      EV:  9    Int:  9    God:    Fedhas [******]
Gold:   3232       SH: 17    Dex: 21    Spells: 18/21 levels left

rFire    + + +     SeeInvis +   a - +9 demon trident (freeze)
rCold    + . .     Gourm    .   Z - +0 shield {rN+}
rNeg     + . .     Faith    .   w - +1 crystal plate armour of Muttered Phrases {Str+3}
rPois    +         Spirit   .   T - +2 hat {MR+}
rElec    +         Reflect  +   K - +2 cloak {+Inv}
rCorr    .         Harm     .   L - +4 pair of gloves of Patterns {rF++}
MR       ++...                  X - +2 pair of boots {run}
Stlth    ..........             U - amulet "Lifuli" {Reflect Fragile rElec Str+4 SH+2}
HPRegen  0.41/turn              V - ring of protection from cold
MPRegen  0.27/turn              o - ring "Ziabois" {rPois rF+ MP+9 Dex+3}

@: very slightly contaminated, quick
A: change form in water, swift swim, stealthy swim, molten scales 1, see
invisible, agile 1, fire resistance 1, no potion heal 1
}: 2/15 runes: serpentine, barnacled
a: Wall of Briars, Grow Ballistomycete, Overgrow, Grow Oklob, Renounce Religion,
Evoke Invisibility


You were on level 5 of the Vaults.
You worshipped Fedhas.
Fedhas was exalted by your worship.
You were not hungry.

You visited 7 branches of the dungeon, and saw 37 of its levels.
You also visited: Sewer and Gauntlet.

You collected 4341 gold pieces.
You spent 1109 gold pieces at shops.

Inventory:

Hand Weapons
 a - a +9 demon trident of freezing (weapon)
Missiles
 d - 8 throwing nets
 j - 37 boomerangs
 I - 66 silver javelins
 O - 8 curare-tipped darts
 Y - 27 javelins (quivered)
Armour
 w - the +1 crystal plate armour of Muttered Phrases (worn) {Str+3}
   (You found it on level 6 of the Lair of Beasts)

   It affects your strength (+3).
 K - a +2 cloak of invisibility (worn)
 L - the +4 pair of gloves of Patterns (worn) {rF++}
   (You found it in a Gauntlet)

   It greatly protects you from fire.
 T - a +2 hat of magic resistance (worn)
 X - a +2 pair of boots of running (worn)
 Z - a +0 shield of positive energy (worn)
Jewellery
 o - the ring "Ziabois" (right hand) {rPois rF+ MP+9 Dex+3}
   (You found it on level 1 of the Snake Pit)

   [ring of protection from fire]

   It affects your dexterity (+3).
   It protects you from fire.
   It protects you from poison.
   It affects your magic capacity (+9).
 r - an uncursed ring of resist corrosion
 J - an uncursed ring of flight
 P - an uncursed ring of ice
 U - the amulet "Lifuli" (around neck) {Reflect Fragile rElec Str+4 SH+2}
   (You took it off a minotaur in a Gauntlet)

   [amulet of reflection]

   It shields you and reflects attacks.
   It affects your strength (+4).
   It insulates you from electricity.
   It will be destroyed if unequipped.
   It affects your SH (+2).
 V - a ring of protection from cold (left hand)
Wands
 l - a wand of clouds (5)
 n - a wand of paralysis (46)
 y - a wand of digging (18)
 Q - a wand of iceblast (24)
Scrolls
 b - a scroll of immolation
 e - 9 scrolls of teleportation
 h - 2 scrolls of blinking
 k - 15 scrolls of remove curse
 t - 5 scrolls of fear
 u - 2 scrolls of amnesia
 D - 6 scrolls of magic mapping
 F - 6 scrolls of fog
 H - a scroll of silence
 R - 5 scrolls of identify
Potions
 i - 6 potions of lignification
 q - 12 potions of flight
 s - 3 potions of haste
 v - 7 potions of curing
 x - a potion of magic
 B - 5 potions of invisibility
 C - a potion of brilliance
 E - a potion of ambrosia
 G - 4 potions of resistance
 M - 2 potions of cancellation
 N - 4 potions of agility
 S - 3 potions of berserk rage
 W - 2 potions of might
Miscellaneous
 c - a lamp of fire
 g - a fan of gales
 z - a phial of floods
 A - a box of beasts
Comestibles
 f - 46 rations


   Skills:
 * Level 18.7 Fighting
 * Level 16.0 Polearms
 + Level 17.0 Throwing
 * Level 16.6 Armour
 - Level 4.0 Dodging
 - Level 15.0 Shields
 * Level 12.6 Invocations
 - Level 5.2 Evocations


You had 18 spell levels left.
You knew the following spells:

 Your Spells              Type           Power        Failure   Level  Hunger
a - Conjure Flame         Conj/Fire      #.......     100%        3    ####...

Your spell library contained the following spells:

 Spells                   Type           Power        Failure   Level  Hunger
 Animate Skeleton         Necr           N/A          99%         1    ##.....
 Apportation              Tloc           #.....       99%         1    ##.....
 Beastly Appendage        Tmut           #.....       99%         1    ##.....
 Confusing Touch          Hex            #.....       99%         1    ##.....
 Corona                   Hex            #......      99%         1    ##.....
 Flame Tongue             Conj/Fire      #....        99%         1    ##.....
 Magic Dart               Conj           #...         99%         1    ##.....
 Summon Small Mammal      Summ           #...         99%         1    ##.....
 Blink                    Tloc           N/A          100%        2    ###....
 Call Imp                 Summ           #.......     100%        2    ###....
 Ensorcelled Hibernation  Hex/Ice        #.....       100%        2    ###....
 Poisonous Vapours        Pois/Air       #.....       100%        2    ###....
 Slow                     Hex            #.......     100%        2    ###....
 Sublimation of Blood     Necr           #.........   100%        2    ###....
 Throw Flame              Conj/Fire      #.....       100%        2    ###....
 Call Canine Familiar     Summ           #.......     100%        3    ####...
 Confuse                  Hex            #.......     100%        3    ####...
 Dazzling Spray           Conj/Hex       #.....       100%        3    ####...
 Gell's Gravitas          Tloc           #.........   100%        3    ####...
 Ignite Poison            Fire/Tmut/Pois #.......     100%        3    ####...
 Inner Flame              Hex/Fire       #.......     100%        3    ####...
 Mephitic Cloud           Conj/Pois/Air  #.......     100%        3    ####...
 Portal Projectile        Hex/Tloc       #.....       100%        3    ####...
 Spider Form              Tmut/Pois      #.........   100%        3    ####...
 Summon Guardian Golem    Hex/Summ       #.......     100%        3    ####...
 Tukima's Dance           Hex            #.......     100%        3    ####...
 Cause Fear               Hex            #.........   100%        4    #####..
 Leda's Liquefaction      Hex/Erth       #.........   100%        4    #####..
 Petrify                  Tmut/Erth      #.......     100%        4    #####..
 Sticky Flame             Conj/Fire      #.......     100%        4    #####..
 Summon Ice Beast         Ice/Summ       #.......     100%        4    #####..
 Summon Lightning Spire   Summ/Air       #.......     100%        4    #####..
 Alistair's Intoxication  Tmut/Pois      #.......     100%        5    ######.
 Bolt of Magma            Conj/Fire/Erth #.........   100%        5    ######.
 Fireball                 Conj/Fire      #.........   100%        5    ######.
 Irradiate                Conj/Tmut      #.........   100%        5    ######.
 Iskenderun's Battlesphe  Conj/Chrm      #.......     100%        5    ######.
 Metabolic Englaciation   Hex/Ice        #.........   100%        5    ######.
 Venom Bolt               Conj/Pois      #.........   100%        5    ######.
 Yara's Violent Unravell  Hex/Tmut       #.........   100%        5    ######.
 Freezing Cloud           Conj/Ice/Air   #.........   100%        6    #######
 Hydra Form               Tmut           #.........   100%        6    #######
 Iron Shot                Conj/Erth      #.........   100%        6    #######
 Poison Arrow             Conj/Pois      #.........   100%        6    #######
 Statue Form              Tmut/Erth      #........    100%        6    #######
 Orb of Destruction       Conj           #.........   100%        7    #######
 Ring of Flames           Chrm/Fire      #.........   100%        7    #######
 Spellforged Servitor     Conj/Summ      #.........   100%        7    #######
 Chain Lightning          Conj/Air       #.........   100%        8    #######
 Lehudib's Crystal Spear  Conj/Erth      #.........   100%        8    #######
 Fire Storm               Conj/Fire      #.........   100%        9    #######
 Glaciate                 Conj/Ice       #.........   100%        9    #######


Dungeon Overview and Level Annotations

Branches:
Dungeon (15/15)            Temple (1/1) D:6            Lair (6/6) D:8
 Shoals (4/4) Lair:4        Snake (4/4) Lair:4        Slime (0/5) Lair:6
    Orc (2/2) D:12            Elf (0/3) Orc:2        Vaults (5/5) D:14
  Crypt (0/3) Vaults:2     Depths (0/5) D:15          Sewer (visited)
Gauntlet (visited)

Altars:
Ashenzari
Cheibriados
Dithmenos
Elyvilon
Fedhas
Gozag
Hepliaklqana
Nemelex Xobeh
Okawaru
Qazlal
Ru
Trog
Uskayaw
Vehumet
Wu Jian
Xom
Yredelemnul
Zin
The Shining One

Shops:
D:6 !   D:12 !   D:14 }   D:15 !   Orc:1 *   Orc:2 (*[:   Snake:4 *:[(
Vaults:2 }   Vaults:3 *

Portals:
Abyss: D:1***

Annotations:
D:3 exclusion: downstairs
D:4 1 runed translucent door, soepske's ghost, amateur DsFi
D:5 exclusion: downstairs
D:6 2 transporters, Callino's ghost, novice DECj
D:11 exclusion: downstairs
D:13 1 runed translucent door, exclusion: 2 downstairs, VLARC's ghost, journeyman VSIE
Lair:3 exclusion: downstairs
Lair:4 2 transporters, markt42's ghost, adept GrFi
Lair:5 exclusion: downstairs
Snake:1 1 runed translucent door, Nebesus's ghost, journeyman DrFi
Vaults:1 exclusion: 2 downstairs
Vaults:2 Wycaf's ghost, adept GrHu


Innate Abilities, Weirdness & Mutations

You revert to your normal form in water.
You are very nimble and swift while swimming.
You are very stealthy in the water. (Stealth+)
You are partially covered in molten scales. (AC +2)
You have supernaturally acute eyesight. (SInv)
You are agile. (Dex +2)
Your flesh is heat resistant. (rF+)
Potions are less effective at restoring your health.


Message History

Blink to where?
Press: ? - help, Dir - move target cursor, p - yaktaur captain
As you read the scroll of blinking, it crumbles to dust.
G - 4 potions of resistance (gained 1)
Your magical effects are unravelling.
You feel magically purged.
You feel less contaminated with magical energies.
You feel a little less agile now.
You are no longer corroded.
You hear a shout!
Your system partially rejects the healing.
You feel better.
Throwing (i - inventory. (/) - cycle)
Y - 28 javelins (quivered)
Press: ? - help, Shift-Dir - straight line, f - yaktaur captain
Aim: a yaktaur captain, wielding a +0 arbalest (heavily wounded)
You throw a javelin.
The javelin pierces through the yaktaur captain!!
The yaktaur captain is almost dead.
The yaktaur captain shoots a bolt.
The bolt hits you!!
You die...
Fedhas appreciates your contribution to the ecosystem.

#....#...[........
#.c..#.G..O#......
#....##...########
#....#()...#...
#....#..(......
#....#..P......
#....#..C......
#....#.....#...
#.@..##...## .
#....#.....#
#....#.......
#....#........
...........#...
........########
.........
...........


You could see a yaktaur captain.

Vanquished Creatures
  Bai Suzhen (Snake:4)
  Vashnia (Snake:3)
  A lich (Vaults:4)
  Rupert (Lair:6)
  Asterion (Vaults:1)
  2 titans (Vaults:5)
  A quicksilver dragon (Vaults:4)
  4 sphinxes
  Gastronok (Lair:1)
  Agnes (Snake:3)
  An ancient champion (Vaults:2)
  Kirke (Snake:4)
  A shadow dragon (Vaults:5)
  5 nagarajas
  2 tengu reavers (Vaults:5)
  4 frost giants
  Roxanne (D:15)
  Louise (Lair:4)
  A deep elf sorcerer (Vaults:5)
  A fire giant (Vaults:4)
  9 vault wardens
  An orc warlord (Vaults:2)
  Aizul (Snake:2)
  14 very ugly things
  12 ironheart preservers
  3 stone giants
  A war gargoyle (Vaults:2)
  An entropy weaver (Vaults:4)
  2 deep elf demonologists
  A vampire knight (Vaults:2)
  A deep elf annihilator (Vaults:1)
  A minotaur (Gauntlet)
  A spark wasp (shapeshifter) (D:15)
  An eidolon (Vaults:2)
  2 ettins (Vaults:5)
  5 merfolk javelineers
  A crystal guardian (Vaults:4)
  15 merfolk impalers
  A fire dragon (Vaults:1)
  13 ogre magi
  3 great orbs of eyes
  10 yaktaur captains
  An ice dragon (Vaults:3)
  8 hydras
  Fannar (D:11)
  31 vault guards
  4 rakshasas
  The ghost of Heskey1 the Cleaver, a journeyman DsGl of Makhleb (Orc:1)
  12 naga warriors
  3 merfolk avatars
  8 centaur warriors
  6 anacondas
  A death knight (Vaults:2)
  4 alligator snapping turtles
  17 two-headed ogres
  3 merfolk aquamancers (Shoals:4)
  A satyr (Shoals:3)
  2 tengu warriors
  2 deep troll shamans (Vaults:3)
  10 death yaks
  Urug (Lair:1)
  3 orc high priests (Orc:2)
  7 shock serpents
  8 deep elf knights
  16 naga sharpshooters
  3 glowing orange brains
  A sea snake (shapeshifter) (Vaults:5)
  2 salamander mystics
  A shadow wraith (Vaults:3)
  7 wizards
  14 sea snakes
  3 unseen horrors
  5 skeletal warriors (Vaults:2)
  2 flayed ghosts
  6 deep trolls
  An obsidian statue (Orc:1)
  9 naga ritualists
  16 ironbrand convokers
  16 orc knights
  4 deep elf archers
  24 harpies
  2 phantasmal warriors
  8 deep elf magi
  32 ugly things
  2 necromancers
  A faun (shapeshifter) (Vaults:3)
  8 mana vipers
  10 cyclopes
  A wolf spider (D:15)
  A golden dragon skeleton (Vaults:5)
  5 orc sorcerers
  A stone giant zombie (Vaults:5)
  A manticore (shapeshifter) (Vaults:2)
  6 salamanders
  20 manticores
  10 fauns
  4 water nymphs
  Maurice (D:13)
  9 merfolk sirens
  6 guardian serpents
  27 elephants
  A stone giant skeleton (Vaults:5)
  10 vault sentinels
  31 black mambas
  A water nymph (shapeshifter) (D:14)
  30 naga magi
  15 spiny frogs
  3 freezing wraiths
  A kobold demonologist (D:13)
  A rime drake (shapeshifter) (Vaults:2)
  2 efreet
  2 rime drakes
  A human skeleton (Vaults:5)
  27 yaktaurs
  2 komodo dragons
  A queen bee (D:10)
  A wind drake (Shoals:4)
  2 wind drakes (shapeshifter) (Vaults:2)
  A queen bee (shapeshifter) (Vaults:1)
  5 trolls
  19 merfolk
  9 hornets
  9 polar bears
  9 hippogriffs
  10 snapping turtles
  Grinder (D:4)
  18 blink frogs
  35 slime creatures
  4 dream sheep (Shoals:2)
  A centaur simulacrum (D:15)
  2 wyverns
  12 spriggans (Lair:6)
  3 water elementals
  41 yaks
  A shadow (D:14)
  2 basilisks (Lair:1)
  7 wraiths
  A hungry ghost (D:12)
  A neqoxec (Gauntlet)
  A chaos spawn (Gauntlet)
  A yaktaur simulacrum (Vaults:2)
  3 hogs (Snake:4)
  4 vampire mosquitoes (D:15)
  A harpy simulacrum (D:14)
  52 nagas
  2 swamp worms (Gauntlet)
  7 wargs
  2 acid dragons (Vaults:1)
  16 water moccasins
  13 porcupines
  39 orc warriors
  4 ice beasts
  3 black bears
  An ettin simulacrum (Vaults:1)
  A necrophage (D:12)
  A boggart (shapeshifter) (Vaults:3)
  3 phantoms
  19 wolves (Lair:6)
  32 ogres
  4 boggarts (Lair:6)
  2 elephant zombies (Lair:3)
  11 centaurs
  12 crocodiles
  Blork the orc (D:4)
  6 big kobolds
  A gnoll sergeant (D:7)
  19 bullfrogs
  5 scorpions
  31 killer bees
  An elf simulacrum (Vaults:2)
  A human simulacrum (Vaults:1)
  11 wights
  8 electric eels
  4 howler monkeys
  5 crimson imps
  4 jellies
  2 quasits (D:9)
  A basilisk zombie (Lair:3)
  4 centaur zombies
  2 bullfrog zombies
  8 hounds
  3 bullfrog skeletons
  3 centaur skeletons
  18 orc priests
  An iguana (D:8)
  25 orc wizards
  10 worker ants
  A killer bee zombie (D:6)
  A hound zombie (D:7)
  A hound skeleton (D:10)
  2 worker ant zombies
  9 gnolls
  13 adders
  3 river rats (Sewer)
  4 shadow imps
  3 white imps (Gauntlet)
  8 oozes
  An adder skeleton (D:5)
  5 worms
  A dart slug (D:4)
  6 leopard geckos
  77 orcs
  5 ball pythons
  9 giant cockroaches
  13 goblins
  8 hobgoblins
  15 jackals
  3 quokkas
  7 bats
  6 frilled lizards
  19 kobolds
  A quokka skeleton (D:7)
  A quokka zombie (D:6)
  9 rats
  A spectral orc (D:4)
  3 ballistomycete spores
1515 creatures vanquished.

Vanquished Creatures (collateral kills)
  An orc (D:10)
  188 ballistomycete spores
189 creatures vanquished.

Vanquished Creatures (others)
  A storm dragon (Vaults:5)
  A very ugly thing (Vaults:5)
  A yaktaur captain (Vaults:1)
  A centaur warrior (Vaults:2)
  A satyr (Shoals:4)
  A naga sharpshooter (Snake:3)
  A sea snake (Shoals:3)
  An orc knight (Vaults:4)
  A manticore (Shoals:1)
  A cyclops (D:14)
  6 oklob plants
  2 fauns (Shoals:2)
  A black mamba (Lair:4)
  A centaur zombie (D:14)
  A stone giant skeleton (Vaults:5)
  3 yaktaurs
  2 merfolk
  A human (Snake:4)
  A naga (Lair:4)
  An ogre (Vaults:1)
  A centaur (D:15)
  A bullfrog (Lair:4)
  An orc (Orc:2)
  A quokka (D:15)
  18 ballistomycete spores
  12 demonic plants (Gauntlet)
  29 fungi
  55 plants
147 creatures vanquished.

Grand Total: 1851 creatures vanquished

Notes
Turn   | Place    | Note
-------+----------+-------------------------------------------
     0 | D:1      | multalsul the Merfolk Gladiator began the quest for the
                  | Orb.
     0 | D:1      | Reached XP level 1. HP: 16/16 MP: 1/1
   133 | D:1      | Reached skill level 5 in Polearms
   133 | D:1      | Reached XP level 2. HP: 20/22 MP: 2/2
   676 | D:1      | Reached XP level 3. HP: 27/27 MP: 3/3
  1583 | D:2      | Reached skill level 1 in Armour
  1784 | D:2      | Found an iron altar of Okawaru.
  1824 | D:2      | Reached XP level 4. HP: 34/34 MP: 4/4
  1940 | D:2      | Found a bloodstained altar of Trog.
  2224 | D:3      | Found a shadowy altar of Dithmenos.
  2273 | D:3      | Found a glowing drain.
  2417 | Sewer    | Entered a sewer
  2451 | Sewer    | Noticed a big kobold
  2464 | Sewer    | Killed a big kobold
  2464 | Sewer    | Reached skill level 3 in Fighting
  2464 | Sewer    | Reached XP level 5. HP: 41/41 MP: 5/5
  2528 | Sewer    | Noticed a big kobold
  2544 | Sewer    | Killed a big kobold
  2544 | Sewer    | Reached XP level 6. HP: 43/47 MP: 6/6
  2786 | Sewer    | Reached XP level 7. HP: 50/53 MP: 7/7
  3404 | D:3      | Reached skill level 4 in Fighting
  3785 | D:4      | Noticed Blork the orc
  3790 | D:4      | Noticed Grinder
  3792 | D:4      | Found a snail-covered altar of Cheibriados.
  4020 | D:4      | Killed Grinder
  4020 | D:4      | Reached XP level 8. HP: 60/60 MP: 8/8
  4033 | D:4      | Found a runed translucent door.
  4163 | D:4      | Noticed soepske's ghost (amateur DsFi)
  4250 | D:4      | Killed Blork the orc
  4250 | D:4      | Reached skill level 10 in Polearms
  4393 | D:4      | Found a basalt altar of Yredelemnul.
  4476 | D:5      | Entered Level 5 of the Dungeon
  4732 | D:5      | Found a shattered altar of Ashenzari.
  4779 | D:5      | Reached skill level 1 in Shields
  5142 | D:6      | Found Nojul Jyll's Distillery.
  5145 | D:6      | Bought a potion of curing for 33 gold pieces
  5170 | D:6      | Found a hide-covered altar of Uskayaw.
  5514 | D:6      | Reached skill level 5 in Fighting
  5514 | D:6      | Reached XP level 9. HP: 27/68 MP: 9/9
  5717 | D:6      | Found a staircase to the Ecumenical Temple.
  5721 | D:6      | Identified the +5 whip of the Pyrrhic Victory {protect,
                  | Str+6}
  5765 | Temple   | Entered the Ecumenical Temple
  5806 | Temple   | Became a worshipper of Fedhas Madash
  5879 | D:6      | Reached skill level 5 in Armour
  5915 | D:6      | Noticed a +0 hand axe
  5915 | D:6      | Noticed a +0 hand axe
  6145 | D:6      | Noticed Callino's ghost (novice DECj)
  6146 | D:6      | Found a transporter.
  6148 | D:6      | Noticed a two-headed ogre
  6150 | D:6      | Found a transporter.
  6554 | D:7      | Reached * piety under Fedhas
  7011 | D:8      | Reached skill level 5 in Throwing
  7419 | D:8      | Reached XP level 10. HP: 25/76 MP: 10/10
  7707 | D:8      | Reached skill level 6 in Fighting
  7715 | D:8      | Found a staircase to the Lair.
  8220 | D:9      | Reached ** piety under Fedhas
  8437 | D:9      | Gained mutation: You have supernaturally acute eyesight.
                  | (SInv) [potion of mutation]
  8437 | D:9      | Gained mutation: You are agile. (Dex +2) [potion of
                  | mutation]
  8437 | D:9      | Gained mutation: Your flesh is heat resistant. (rF+)
                  | [potion of mutation]
  8437 | D:9      | Gained mutation: You are partially covered in molten
                  | scales. (AC +2) [potion of mutation]
  9019 | D:10     | Entered Level 10 of the Dungeon
 10844 | D:11     | Reached skill level 1 in Invocations
 10844 | D:11     | Reached XP level 11. HP: 83/83 MP: 11/11
 10861 | D:11     | Reached skill level 7 in Fighting
 10897 | D:11     | Reached *** piety under Fedhas
 11215 | D:11     | Noticed Fannar
 11262 | D:11     | Killed Fannar
 11832 | D:12     | Found a staircase to the Orcish Mines.
 11839 | D:12     | Noticed an unseen horror
 12610 | D:12     | Noticed a manticore
 13126 | D:12     | Killed a manticore
 13145 | D:12     | Killed an unseen horror
 13485 | D:12     | Found Ehinipnu's Distillery.
 13493 | D:12     | Bought 2 potions of heal wounds for 120 gold pieces
 13493 | D:12     | Bought a potion of heal wounds for 60 gold pieces
 13536 | D:12     | Reached skill level 8 in Fighting
 13621 | D:12     | Noticed a four-headed hydra
 13636 | D:12     | Killed a four-headed hydra
 14134 | D:13     | Found a bloodstained altar of Trog.
 14135 | D:13     | Noticed a red ugly thing
 14166 | D:13     | Noticed a red ugly thing
 14174 | D:13     | Killed a red ugly thing
 14194 | D:13     | Killed a red ugly thing
 14297 | D:13     | Noticed a centaur warrior
 14329 | D:13     | Killed a centaur warrior
 14329 | D:13     | Reached XP level 12. HP: 24/94 MP: 15/15
 14357 | D:13     | Noticed Maurice
 15668 | D:13     | Reached skill level 5 in Invocations
 15915 | D:13     | Killed Maurice
 16557 | D:13     | Found a runed translucent door.
 16558 | D:13     | Found a shimmering altar of Xom.
 16558 | D:13     | Noticed VLARC's ghost (journeyman VSIE)
 16715 | D:13     | Reached skill level 1 in Evocations
 16792 | D:14     | Noticed an ogre mage
 16792 | D:14     | Noticed a two-headed ogre
 16792 | D:14     | Noticed a two-headed ogre
 16879 | D:14     | Reached **** piety under Fedhas
 16896 | D:14     | Reached skill level 9 in Fighting
 17097 | D:14     | Reached skill level 10 in Armour
 17184 | D:14     | Noticed a tengu warrior
 17237 | D:13     | Killed a tengu warrior
 17314 | D:14     | Found Caoh's Gadget Boutique.
 17612 | D:14     | Noticed a two-headed ogre
 17639 | D:14     | Killed a two-headed ogre
 18862 | D:14     | Reached XP level 13. HP: 100/101 MP: 17/17
 19476 | D:14     | Killed an ogre mage
 19493 | D:14     | Noticed an ironheart preserver
 19811 | D:14     | Killed an ironheart preserver
 20141 | D:14     | Found a gate to the Vaults.
 20914 | Lair:1   | Entered Level 1 of the Lair of Beasts
 20928 | Lair:1   | Noticed Urug
 21177 | Lair:1   | Killed Urug
 21569 | Lair:1   | Noticed Gastronok
 21599 | Lair:1   | Killed Gastronok
 23024 | Lair:2   | Reached skill level 10 in Fighting
 23485 | Lair:2   | Reached XP level 14. HP: 79/110 MP: 19/19
 24015 | Lair:3   | Reached skill level 5 in Evocations
 25122 | Lair:3   | Reached ***** piety under Fedhas
 25170 | Lair:3   | Reached skill level 10 in Throwing
 25777 | Lair:4   | Found a staircase to the Snake Pit.
 26109 | Lair:4   | Found a transporter.
 26109 | Lair:4   | Noticed markt42's ghost (adept GrFi)
 26110 | Lair:4   | Found a transporter.
 26691 | Lair:4   | Found a staircase to the Shoals.
 27668 | Lair:5   | Found a gate leading to a gauntlet.
 27677 | Gauntlet | Entered a Gauntlet
 27677 | Gauntlet | Found a transporter.
 27677 | Gauntlet | Found a transporter.
 27682 | Gauntlet | Found a transporter.
 27682 | Gauntlet | Found a transporter.
 27691 | Gauntlet | Found a transporter.
 27710 | Gauntlet | Found a transporter.
 27720 | Gauntlet | Found a transporter.
 27720 | Gauntlet | Found a transporter.
 27723 | Gauntlet | Found a transporter.
 27750 | Gauntlet | Found a transporter.
 27757 | Gauntlet | Found a transporter.
 27775 | Gauntlet | Found a transporter.
 27821 | Gauntlet | Found a transporter.
 27837 | Gauntlet | Found a transporter.
 27936 | Gauntlet | Found a transporter.
 27952 | Gauntlet | Found a transporter.
 28465 | Gauntlet | Identified the +4 pair of gloves of Patterns {rF++} (You
                  | found it in a Gauntlet)
 28571 | Gauntlet | Identified the amulet "Lifuli" {Reflect Fragile rElec Str+4
                  | SH+2}
 29965 | Lair:6   | Entered Level 6 of the Lair of Beasts
 30700 | Lair:6   | Reached XP level 15. HP: 52/117 MP: 18/21
 30720 | Lair:6   | Reached skill level 11 in Fighting
 32771 | Lair:6   | Found a staircase to the Slime Pits.
 33078 | Lair:6   | Noticed Rupert
 33091 | Lair:6   | Killed Rupert
 33390 | Lair:6   | Reached skill level 10 in Invocations
 34815 | Orc:1    | Entered Level 1 of the Orcish Mines
 34942 | Orc:2    | Entered Level 2 of the Orcish Mines
 35221 | Orc:2    | Found a staircase to the Elven Halls.
 35850 | Orc:2    | Paralysed by an orc sorcerer for 5 turns
 35963 | Orc:2    | Found Dionleibid's Assorted Antiques.
 35963 | Orc:2    | Found Hec Ruaso's Antique Weapon Emporium.
 35965 | Orc:2    | Found Hoepogiph's Book Shop.
 35965 | Orc:2    | Found Giudiun's Antique Armour Emporium.
 35972 | Orc:2    | Bought a crude wooden ring for 175 gold pieces
 35972 | Orc:2    | Identified the ring of Damahed {*Slow rN+ Int+9 SInv
                  | Stlth+} (You bought it in a shop on level 2 of the Orcish
                  | Mines)
 35982 | Orc:2    | Bought a runed shield for 240 gold pieces
 36039 | Orc:2    | Learned a level 3 spell: Conjure Flame
 36170 | Orc:1    | Found a runed translucent gate.
 36170 | Orc:1    | Found a runed translucent gate.
 36170 | Orc:1    | Found a runed translucent gate.
 36172 | Orc:1    | Found an opulent altar of Gozag.
 36174 | Orc:1    | Found Ychaowk's Assorted Antiques.
 36174 | Orc:1    | Noticed Heskey1's ghost (journeyman DsGl)
 36455 | D:14     | Reached XP level 16. HP: 127/127 MP: 23/23
 36506 | D:15     | Entered Level 15 of the Dungeon
 36675 | D:14     | Reached skill level 12 in Fighting
 37203 | D:15     | Found a white marble altar of Elyvilon.
 37262 | D:15     | Found Yxzaazus's Distillery.
 37591 | D:15     | Found a staircase to the Depths.
 38327 | D:15     | Reached skill level 5 in Shields
 38541 | D:15     | Identified Roxanne's Almanac of Shape Shifting
 38541 | D:15     | Noticed Roxanne
 38559 | D:15     | Killed Roxanne
 39218 | Snake:1  | Entered Level 1 of the Snake Pit
 39218 | Snake:1  | Noticed Louise
 39473 | Shoals:1 | Entered Level 1 of the Shoals
 40592 | Shoals:2 | Identified the +3 chain mail "Fuykunn" {SInv} (You found it
                  | on level 2 of the Shoals)
 40764 | Shoals:2 | Reached ****** piety under Fedhas
 42221 | Shoals:3 | Found a transporter.
 42510 | Shoals:3 | Found a transporter.
 42518 | Shoals:3 | Reached XP level 17. HP: 135/135 MP: 25/25
 43431 | Shoals:3 | Upgraded the game from 0.24.1 to 0.24.1-1-gd1d2a07e1b
 43460 | Shoals:4 | Entered Level 4 of the Shoals
 43482 | Shoals:4 | Reached skill level 13 in Fighting
 45282 | Lair:6   | Got an ancient crystal plate armour
 45293 | Lair:6   | Identified the +1 crystal plate armour of Muttered Phrases
                  | {Str+3} (You found it on level 6 of the Lair of Beasts)
 46155 | Shoals:4 | Got a pair of pitted gloves
 47545 | Shoals:4 | Got a barnacled rune of Zot
 48006 | Orc:2    | Bought a scroll of identify for 70 gold pieces
 48006 | Orc:2    | Identified the +0 pair of gloves "Kelaz" {Int+4 Dex-3 SInv}
                  | (You found it on level 4 of the Shoals)
 48139 | Vaults:1 | Entered Level 1 of the Vaults
 48376 | Vaults:1 | Reached XP level 18. HP: 140/145 MP: 26/26
 48518 | Vaults:1 | Noticed Asterion
 48528 | Vaults:1 | Killed Asterion
 48779 | Vaults:1 | Reached skill level 14 in Fighting
 48779 | Vaults:1 | Paralysed by an ogre mage for 7 turns
 49039 | Vaults:1 | Reached skill level 10 in Shields
 51375 | Vaults:1 | Reached skill level 15 in Fighting
 51375 | Vaults:1 | Reached skill level 15 in Armour
 51987 | Vaults:2 | Reached XP level 19. HP: 155/155 MP: 27/27
 52285 | Vaults:2 | Identified a +1 pair of boots of running (You found it on
                  | level 2 of the Vaults)
 53092 | Vaults:2 | Found Telly's Gadget Emporium.
 53946 | Vaults:2 | Reached skill level 16 in Fighting
 53997 | Vaults:2 | Found a runed translucent gate.
 53997 | Vaults:2 | Found a runed translucent gate.
 53997 | Vaults:2 | Found a runed translucent gate.
 53997 | Vaults:2 | Noticed Wycaf's ghost (adept GrHu)
 53999 | Vaults:2 | Identified the cursed +0 shortbow of World's End {venom,
                  | rElec rPois Str-3}
 54020 | Vaults:2 | Found a staircase to the Crypt.
 54350 | Vaults:2 | HP: 7/157 [ogre mage/crystal spear (24)]
 55021 | Vaults:2 | Gained mutation: Potions are less effective at restoring
                  | your health. [the power of Zot]
 55479 | Vaults:2 | Got a distressingly furry helmet
 55487 | Vaults:2 | Got a pair of transparent gloves
 55526 | Vaults:1 | Identified the +1 helmet of Least Resistance {rCorr Int+4
                  | Stlth-} (You found it on level 2 of the Vaults)
 55537 | Vaults:1 | Identified the +0 pair of gloves of Xom's Delight {Dex+6}
                  | (You found it on level 2 of the Vaults)
 55987 | Shoals:3 | Got a slimy jade amulet
 56000 | Shoals:3 | Got a sparkling copper amulet
 56541 | Lair:4   | Killed Louise
 57796 | Snake:1  | Found a runed translucent door.
 57808 | Snake:1  | Noticed Nebesus's ghost (journeyman DrFi)
 57950 | Snake:1  | Got a smoking silver ring
 57952 | Snake:1  | Identified the ring "Ziabois" {rPois rF+ MP+9 Dex+3} (You
                  | found it on level 1 of the Snake Pit)
 58361 | Snake:2  | Noticed Aizul
 58380 | Snake:2  | Killed Aizul
 58696 | Snake:2  | You fall into a shaft and drop 1 floor!
 58715 | Snake:3  | Reached XP level 20. HP: 160/166 MP: 28/28
 59453 | Snake:3  | Noticed Agnes
 59465 | Snake:3  | Killed Agnes
 59465 | Snake:3  | Reached skill level 15 in Throwing
 59779 | Snake:3  | Found a sparkling altar of Nemelex Xobeh.
 59905 | Snake:3  | Reached skill level 17 in Fighting
 60258 | Snake:3  | Noticed Vashnia
 60324 | Snake:3  | Killed Vashnia
 61133 | Snake:4  | Entered Level 4 of the Snake Pit
 61193 | Snake:4  | Found Metidip's Antique Weapon Boutique.
 61193 | Snake:4  | Found Jecyawk's Armour Boutique.
 61302 | Snake:4  | Found Egawixza's General Store.
 61307 | Snake:4  | Found Sokla Igor's Book Boutique.
 61313 | Snake:4  | Bought a potion of curing for 66 gold pieces
 61769 | Snake:4  | Noticed Kirke
 61779 | Snake:4  | Killed Kirke
 61918 | Snake:4  | Noticed Bai Suzhen
 61944 | Snake:4  | Killed Bai Suzhen
 62288 | Snake:4  | Reached XP level 21. HP: 93/175 MP: 29/29
 62638 | Snake:4  | Got a serpentine rune of Zot
 63871 | Vaults:3 | Found Umuniat's General Store.
 65194 | Orc:1    | Killed Heskey1's ghost
 65311 | Orc:1    | Bought a hardcover book for 345 gold pieces
 66786 | Vaults:4 | Reached skill level 18 in Fighting
 66786 | Vaults:4 | Reached skill level 15 in Polearms
 67256 | Vaults:5 | Entered Level 5 of the Vaults
 67275 | Vaults:5 | Reached XP level 22. HP: 47/184 MP: 31/31
 67596 | Vaults:5 | Reached skill level 15 in Shields
 67637 | Vaults:5 | HP: 2/186 [yaktaur captain/bolt (26)]
 67644 | Vaults:5 | Shot with a bolt by a yaktaur captain

Levels and vault maps discovered:
D:1:      minmay_arrival_glassed_features, layout_basic
D:2:      layout_rooms, old_standard_altar, trog_book
D:3:      layout_rooms, lemuel_crystal_altar, gup_sewer_entry_glass,
          first_ration, corexii_shack, chequers_big_river
D:4:      layout_basic, yredelemnul_forgotten_temple_becter,
          ebering_ghost_sewer_d, kennysheep_slug_shrine, uniq_grinder,
          uniq_blork_the_orc
D:5:      layout_cave_pools, ashenzari_conservatory_becter
D:6:      layout_basic, dancing_weapons_uskayaw,
          minmay_temple_entry_sparse_star, gammafunk_ghost_smash, serial_shops,
          nicolae_shop_crystal, minmay_circle_x
D:7:      layout_basic, serial_corexii_hall, corexii_hall_statues_x,
          chequers_hall_statues_wall_a
D:8:      layout_loops_corners, erik_lair_orcish_takeover
D:9:      layout_roguey
D:10:     layout_cross, david_nohive_1
D:11:     layout_roguey, uniq_fannar
D:12:     layout_rooms, david_orc_3, serial_shops, shop
D:13:     layout_rooms, ebering_ghost_xom, basic_altar, uniq_maurice
D:14:     layout_irregular_city, skrybe_vaults_entry_preservation, serial_shops,
          shop, hangedman_abyss_or_decor_passed
D:15:     hangedman_depths_entry_try_elsewhere_first, layout_long_grid,
          serial_shops, nicolae_shop_stone, elyvilon_altar_4, uniq_roxanne
Temple:   kb_temple_of_zot
Lair:1:   layout_chaotic_city, cheibrodos_lair_lostbears, uniq_urug,
          uniq_gastronok
Lair:2:   layout_loops_ring, serial_bayou_shore_b, grunt_megastairs_1
Lair:3:   pond_and_an_island_with_a_cottage, layout_cave_pods
Lair:4:   layout_loops_ring, shoals_dummy_entry, guppyfry_snake_entry_island,
          gammafunk_ghost_arena, minmay_lair_oklob_chamber, serial_bayou_shore_a
Lair:5:   layout_layer_cave, gauntlet_entry_generic, serial_bayou_pond_c,
          chequers_serial_rivers_micro_b
Lair:6:   minmay_lair_end_enchanted_forest, layout_regular_city,
          minmay_slime_entry_oklob_enclosed, lemuel_fruit_tree, uniq_rupert
Shoals:1: layout_shoals, yaktaur_hedge
Shoals:2: layout_shoals
Shoals:3: gammafunk_its_a_trap, layout_shoals
Shoals:4: shoals_end_grunt_ice, layout_shoals
Snake:1:  layout_rooms, ebering_ghost_reflecting_pool, special_room, uniq_louise
Snake:2:  layout_cave_shapes, uniq_aizul
Snake:3:  layout_chambers, basic_altar, st_stairs_11, uniq_vashnia, uniq_agnes
Snake:4:  snake_pit, layout_cave_town, serial_bayou_pond_d,
          minmay_shop_grid_forest, grunt_ministairs_1, uniq_bai_suzhen,
          uniq_kirke
Orc:1:    layout_caves, ebering_ghost_gozag
Orc:2:    grunt_orc_tribal_feast, layout_diamond_mine
Vaults:1: grunt_vaults_trifunnel, vaults_room_stairs_pillars,
          hangedman_vaults_locks, nicolae_vaults_network_s,
          vaults_standard_mumra_lines, v_rooms_4, nicolae_vaults_circle_grid_b,
          ontoclasm_vaults_eye, st_lines, vaults_room_semicircle,
          vaults_dpeg_doors, v_alt_pattern_1, vaults_room_semicircle,
          layout_vaults_omnibox, uniq_asterion
Vaults:2: gammafunk_vaults_ghost_tricky_traps, vaults_room_grid,
          grunt_vaults_hallway_long, minmay_crypt_entry_simple_box,
          nicolae_vaults_diagonal_hallway_7, ontoclasm_vaults_ligature,
          hangedman_vaults_snaps, st_check, nicolae_vaults_little_squares_1,
          v_misc_3, nicolae_vaults_theta, v_misc_9, v_misc_26,
          nicolae_vaults_theta, ontoclasm_vaults_loading_screen, v_misc_27,
          nicolae_vaults_mini_display_case, layout_vaults_omnicross,
          serial_shops, nicolae_shop_behind_doors
Vaults:3: vaults_room_pool, v_pattern_1, nicolae_vaults_sealed_display,
          v_rooms_6, ontoclasm_vaults_shuriken, nicolae_vaults_rhombus_6,
          v_alt_pattern_1, hangedman_vaults_hat, vaults_dpeg_diagonal,
          layout_vaults_quadrants, serial_shops, shop
Vaults:4: vaults_dpeg_encased_lava, v_misc_26, nicolae_vaults_murderbox,
          hangedman_vaults_capsules, nicolae_vaults_little_squares_6,
          vaults_room_pools, layout_vaults_chaotic_city
Vaults:5

Skill      XL: |  1  2  3  4  5  6  7  8  9 10 11 12 13 14 15 16 17 18 19 20 21 22 |
---------------+-------------------------------------------------------------------+-----
Polearms       | 5 6 7 8 9 11 12 13 14 15 16 | 16.0
Armour         | 1 2 3 4 5 7 9 10 11 12 13 14 15 16 | 16.6
Fighting       | 3 4 5 6 8 9 10 11 12 13 15 16 17 18 | 18.7
Throwing       | 3 4 5 6 7 9 10 11 12 14 16 17 | 17.0
Shields        | 1 2 4 7 9 11 13 14 15 | 15.0
Invocations    | 1 4 6 7 9 10 11 12 | 12.6
Evocations     | 2 4 5 |  5.2
Dodging        | |  4.0

Action                   |  1- 3 |  4- 6 |  7- 9 | 10-12 | 13-15 | 16-18 | 19-21 | 22-24 || total
-------------------------+-------+-------+-------+-------+-------+-------+-------+-------++-------
Melee: Trident           |   148 |    15 |       |       |    73 |   932 |       |       ||  1168
       Spear             |       |    97 |   540 |  1148 |  2061 |       |       |       ||  3846
       Tailslap          |       |     5 |     3 |     5 |     9 |    29 |       |       ||    51
       Demon trident     |       |       |       |       |       |   641 |  1246 |    39 ||  1926
Throw: Dart              |       |    22 |    27 |    88 |   151 |       |       |       ||   288
       Throwing net      |       |       |     3 |       |       |       |       |       ||     3
       Boomerang         |       |       |    35 |    49 |   169 |   485 |   489 |       ||  1227
       Javelin           |       |       |       |       |    13 |    66 |    31 |    17 ||   127
Invok: Wall of Briars    |       |       |       |     3 |       |     1 |     1 |       ||     5
       Grow Ballistomyce |       |       |       |     1 |    17 |    11 |    11 |     1 ||    41
 Abil: Evoke Invisibilit |       |       |       |       |     2 |       |       |     1 ||     3
Evoke: Lamp of fire      |       |       |       |       |     2 |       |       |       ||     2
       Wand              |       |       |       |       |       |       |     1 |       ||     1
  Use: Scroll            |       |     3 |     7 |    15 |    12 |    18 |     9 |     7 ||    71
       Potion            |       |       |       |     2 |     3 |     8 |     2 |     6 ||    21
 Stab: Sleeping          |     2 |     2 |       |       |       |       |       |       ||     4
       Distracted        |     1 |       |       |       |       |       |       |       ||     1
       Held in net/web   |       |       |     2 |       |       |       |       |       ||     2
       Confused          |       |       |       |     2 |    10 |     6 |    11 |       ||    29
       Invisible         |       |       |       |       |     9 |       |    12 |     2 ||    23
  Eat: Chunk             |     3 |     3 |    14 |    36 |    59 |    28 |    23 |       ||   166
       Ration            |       |       |       |     1 |       |     6 |     8 |       ||    15
Armor: Leather armour    |    31 |     1 |       |       |       |       |       |       ||    32
       Scale mail        |       |    14 |    32 |       |       |       |       |       ||    46
       Plate armour      |       |       |    88 |   392 |   620 |       |       |       ||  1100
       Chain mail        |       |       |       |       |    24 |   342 |       |       ||   366
       Crystal plate arm |       |       |       |       |       |   292 |   383 |    42 ||   717
Dodge: Dodged            |    93 |    35 |    93 |   199 |   374 |   268 |   161 |    22 ||  1245
Block: Buckler           |       |       |    38 |   247 |   324 |       |       |       ||   609
       Reflection        |       |       |       |    11 |     9 |   129 |    90 |     7 ||   246
       Shield            |       |       |       |       |    12 |   750 |   606 |    38 ||  1406
